 Dungeon Crawl Stone Soup version 0.21.1-1-g345015f (webtiles) character file.

1284 Fang the Chopper (level 8, -7/73 HPs)
             Began as a Gargoyle Berserker on May 31, 2018.
             Was an Elder of Trog.
             Mangled by a two-headed ogre
             ... wielding a +0 giant club
              (24 damage)
             ... on level 6 of the Dungeon.
             The game lasted 00:07:52 (5097 turns).

Fang the Chopper (Gargoyle Berserker)               Turns: 5097, Time: 00:07:53

Health: -7/73      AC: 16    Str: 29    XL:     8   Next: 55%
Magic:  8/8        EV: 11    Int:  7    God:    Trog [****..]
Gold:   245        SH:  0    Dex:  9    Spells: 7/7 levels left

rFire    . . .     SeeInvis +   a - +1 hand axe
rCold    . . .     Gourm    .   (no shield)
rNeg     + . .     Faith    .   s - +4 scale mail {rPois}
rPois    ∞         Spirit   .   y - +2 helmet
rElec    +         Reflect  .   (no cloak)
rCorr    .         Harm     .   (no gloves)
MR       .....                  (no boots)
Stlth    ..........             (no amulet)
HPRegen  0.22/turn              D - ring of stealth
MPRegen  0.11/turn              g - ring of see invisible

@: berserking (expiring), very quick
A: blink, deformed body, negative energy resistance 1, electricity resistance,
unbreathing, petrification resistance, no potion heal 1, rot immunity, AC +5
a: Blink, Berserk, Trog's Hand, Brothers in Arms, Burn Spellbooks, Renounce
Religion


You were on level 6 of the Dungeon.
You worshipped Trog.
Trog was greatly pleased with you.
You were near starving.

You visited 1 branch of the dungeon, and saw 6 of its levels.
You also visited: Ossuary.

You collected 245 gold pieces.

Inventory:

Hand Weapons
 a - a +1 hand axe (weapon)
Armour
 s - a +4 scale mail of poison resistance (worn)
 y - a +2 helmet (worn)
Jewellery
 g - a ring of see invisible (right hand)
 D - a ring of stealth (left hand)
Wands
 b - a wand of iceblast (6)
 m - a wand of polymorph (7)
 C - a wand of random effects (37)
Scrolls
 e - 5 scrolls of remove curse
 h - 2 scrolls of teleportation
 k - a scroll of magic mapping
 x - 2 scrolls of blinking
Potions
 f - 2 potions of curing
 i - 2 potions of lignification
 l - 2 potions of might
 n - 4 potions of brilliance
 t - 3 potions of magic
 u - 2 potions of flight
 w - a potion of heal wounds {unknown}
 z - a potion of invisibility {unknown}
 A - a potion of haste
Comestibles
 c - 4 rations


   Skills:
 + Level 5.3 Fighting
 + Level 7.2 Axes
 + Level 3.9 Armour
 + Level 3.7 Dodging
 + Level 2.4 Stealth


You had 7 spell levels left.
You didn't know any spells.

Dungeon Overview and Level Annotations

Branches:
Dungeon (6/15)
 Temple: D:4-7

Altars:
Hepliaklqana
Qazlal
Vehumet


Innate Abilities, Weirdness & Mutations

You are resistant to torment.
Your stone body is resilient. (AC +5)
You are immune to poison.
You resist negative energy. (rN+)
You are resistant to electric shocks. (rElec)
You can survive without breathing.
You are immune to petrification.
You are immune to rotting.
You can translocate small distances at will.
Armour fits poorly on your strangely shaped body.
Potions are less effective at restoring your health.


Message History

You hit the two-headed ogre.
The two-headed ogre is lightly wounded.
You slash the orc priest! The orc priest misses you.
Unknown command.
You hit the two-headed ogre.
The two-headed ogre is moderately wounded.
You closely miss the orc priest. The two-headed ogre barely misses you.
The two-headed ogre hits you but does no damage.
Unknown command.
You slash the two-headed ogre!
The two-headed ogre is heavily wounded.
You hit the orc priest.
You kill the orc priest!
Trog accepts your kill.
Unknown command.
You completely miss the two-headed ogre.
The two-headed ogre is heavily wounded.
You slash the orc priest!
The two-headed ogre hits you with a giant club!!
You die...

..# ..# ### ..#
..# #.## #.# #..#
#.# #..# #.# #Oo#
####.####@)#
##..........#
#.....#####......
#..#....# #.....
#..#.##.# ......
#..#.##.# .>....
#..#.##.# #....
#..#.##.# ....
#..#.##.#


You could see a two-headed ogre and an orc priest.

Vanquished Creatures
  Sigmund (D:2)
  Duvessa (D:5)
  A phantom (D:4)
  Blork the orc (D:5)
  Dowan (D:5)
  A howler monkey (D:4)
  2 crimson imps (D:5)
  2 hounds (D:4)
  3 orc priests
  3 orc wizards
  A bullfrog skeleton (D:5)
  A centaur skeleton (D:4)
  Natasha (D:4)
  4 worker ants
  2 hound zombies
  4 mummies
  4 gnolls
  6 adders
  A shadow imp (D:2)
  3 adder zombies (Ossuary)
  An adder skeleton (D:4)
  4 worms
  5 dart slugs
  6 leopard geckos
  8 orcs
  4 giant cockroaches
  11 goblins
  4 hobgoblins
  4 jackals (D:4)
  10 kobolds
  A quokka (D:4)
  4 bats
  8 frilled lizards
  4 goblin zombies (Ossuary)
  2 hobgoblin zombies
  4 kobold zombies
  3 quokka zombies (Ossuary)
  6 rats
  4 rat zombies (Ossuary)
  A bush (D:2)
137 creatures vanquished.

Notes
Turn   | Place    | Note
-------+----------+-------------------------------------------
     0 | D:1      | Fang the Gargoyle Berserker began the quest for the Orb.
     0 | D:1      | Reached XP level 1. HP: 14/14 MP: 1/1
    42 | D:1      | Reached XP level 2. HP: 13/19 MP: 2/2
    45 | D:1      | Reached skill level 3 in Axes
   343 | D:1      | Reached XP level 3. HP: 23/24 MP: 3/3
   826 | D:1      | Reached ** piety under Trog
  1009 | D:2      | Found a stormy altar of Qazlal.
  1032 | D:2      | Reached XP level 4. HP: 4/29 MP: 4/4
  1882 | D:2      | Noticed Sigmund
  1895 | D:2      | Killed Sigmund
  1895 | D:2      | Reached skill level 4 in Axes
  1895 | D:2      | Reached XP level 5. HP: 34/34 MP: 5/5
  1895 | D:2      | Reached XP level 6. HP: 39/39 MP: 6/6
  2221 | D:2      | Reached skill level 1 in Stealth
  2472 | D:3      | Found a radiant altar of Vehumet.
  2876 | D:3      | Reached skill level 5 in Axes
  3216 | D:4      | Reached XP level 7. HP: 38/44 MP: 7/7
  3267 | D:4      | Noticed Natasha
  3278 | D:4      | Killed Natasha
  3278 | D:4      | Reached *** piety under Trog
  3643 | D:4      | Found a sand-covered staircase.
  3652 | Ossuary  | Entered an ossuary
  3661 | Ossuary  | Reached skill level 6 in Axes
  4070 | D:4      | Reached skill level 5 in Fighting
  4223 | D:4      | Found a hazy altar of Hepliaklqana.
  4366 | D:5      | Entered Level 5 of the Dungeon
  4370 | D:5      | Noticed Duvessa
  4371 | D:5      | Noticed Dowan
  4383 | D:5      | Killed Duvessa
  4383 | D:5      | Reached XP level 8. HP: 49/49 MP: 8/8
  4384 | D:5      | Killed Dowan
  4499 | D:5      | Noticed Blork the orc
  4508 | D:5      | Reached **** piety under Trog
  4522 | D:5      | Killed Blork the orc
  4594 | D:5      | Gained mutation: Armour fits poorly on your strangely shaped body. [potion of mutation]
  4594 | D:5      | Gained mutation: Potions are less effective at restoring your health. [potion of mutation]
  4594 | D:5      | Gained mutation: You can translocate small distances at will. [potion of mutation]
  4662 | D:5      | Reached skill level 7 in Axes
  5085 | D:6      | Noticed a two-headed ogre
  5097 | D:6      | Mangled by a two-headed ogre

Skill      XL: |  1  2  3  4  5  6  7  8 |
---------------+-------------------------+-----
Axes           | 3 4 5 6 7 |  7.2
Dodging        | 2 3 |  3.7
Fighting       | 4 5 |  5.3
Stealth        | 1 2 |  2.4
Armour         | 3 |  3.9

Action                   |  1- 3 |  4- 6 |  7- 9 || total
-------------------------+-------+-------+-------++-------
Melee: Hand axe          |   131 |   242 |   255 ||   628
Invok: Berserk           |     1 |     3 |     5 ||     9
  Use: Scroll            |       |       |    19 ||    19
       Potion            |       |       |     1 ||     1
 Stab: Sleeping          |       |     2 |       ||     2
  Eat: Chunk             |     1 |     6 |       ||     7
       Ration            |       |     1 |     3 ||     4
Armor: Animal skin       |    44 |    28 |       ||    72
       Scale mail        |       |       |   114 ||   114
Dodge: Dodged            |    85 |    79 |   127 ||   291
